 Dungeon Crawl Stone Soup version 0.19.1-1-g22dce08 (webtiles) character file.

4377 dngmouse the Fighter (level 10, 0/100 HPs)
             Began as a Minotaur Fighter on Jan 15, 2017.
             Was a Believer of Okawaru.
             Succumbed to a killer bee's poison
             ... on level 8 of the Dungeon on Jan 16, 2017.
             The game lasted 00:21:02 (7306 turns).

dngmouse the Fighter (Minotaur Fighter)             Turns: 7306, Time: 00:21:02

Health: 0/100      AC: 15    Str: 23    XL:     10   Next: 13%
Magic:  8/10       EV: 12    Int:  5    God:    Okawaru [**....]
Gold:   195        SH:  8    Dex: 11    Spells: 0 memorised, 9 levels left

rFire  . . .     SeeInvis .     a - +0 war axe
rCold  . . .     Gourm    +     A - +0 chain mail
rNeg   . . .     Faith    .     E - +2 buckler
rPois  .         Spirit   .     (helmet restricted)
rElec  .         Reflect  .     (no cloak)
rCorr  .         Harm     .     D - +0 pair of gloves (curse)
MR     .....                    (no boots)
Stlth  ..........               y - amulet of the gourmand
                                C - +3 ring of protection
                                m - +2 ring of evasion

@: lethally poisoned (0 -> -1), heroism
A: retaliatory headbutt, horns 2
a: Heroism, Renounce Religion


You were on level 8 of the Dungeon.
You worshipped Okawaru.
Okawaru was pleased with you.
You were completely stuffed.

You visited 2 branches of the dungeon, and saw 9 of its levels.

You collected 309 gold pieces.
You spent 114 gold pieces at shops.

Inventory:

Hand Weapons
 a - a +0 war axe (weapon)
Missiles
 v - 7 tomahawks (quivered)
Armour
 A - a +0 chain mail (worn)
 D - a cursed +0 pair of gloves (worn)
 E - a +2 buckler (worn)
Jewellery
 m - a +2 ring of evasion (left hand)
 p - an uncursed ring of wizardry
 r - an uncursed ring of stealth
 u - an uncursed ring of protection from fire
 y - an amulet of the gourmand (around neck)
 C - a +3 ring of protection (right hand)
Wands
 F - a wand of acid (11/15)
Scrolls
 e - 2 scrolls of teleportation
 g - 5 scrolls of identify
 i - a scroll of fog {unknown}
 j - a scroll of random uselessness {unknown}
 l - 4 scrolls of remove curse
 o - 3 scrolls of amnesia {unknown}
 q - 2 scrolls of enchant weapon {unknown}
 t - 2 scrolls of recharging
 w - a scroll of enchant armour {unknown}
 x - a scroll of magic mapping {unknown}
 z - a scroll of fear {unknown}
 G - a scroll of noise {unknown}
Potions
 b - a potion of brilliance
 c - a potion of curing
 d - a potion of heal wounds
 k - 2 potions of flight
Comestibles
 f - 6 bread rations
 h - 5 meat rations
 n - 9 fruits
 s - a slice of pizza
 B - 3 chunks of flesh


   Skills:
 + Level 12.7(17.7) Fighting
 - Level 12.0(17.0) Axes
 - Level 3.6(8.6) Armour
 - Level 3.6(8.6) Shields
 + Level 2.0 Invocations


You had 9 spell levels left.
You didn't know any spells.

Dungeon Overview and Level Annotations

Branches:
Dungeon (8/15)             Temple (1/1) D:4
   Lair: D:8-11

Altars:
Ashenzari
Cheibriados
Dithmenos
Elyvilon
Fedhas
Gozag
Hepliaklqana
Kikubaaqudgha
Nemelex Xobeh
Okawaru
Qazlal
Ru
Sif Muna
Uskayaw
Vehumet
Xom
Yredelemnul
The Shining One

Shops:
D:7 =   D:8 *


Innate Abilities, Weirdness & Mutations

You reflexively headbutt those who attack you in melee.
You have a pair of horns on your head.


Message History

* * * LOW HITPOINT WARNING * * *
Your chain mail prevents you from hitting the komodo dragon.
The komodo dragon is moderately wounded.
You feel sick.
You slice the crocodile!!
The crocodile is severely wounded.
You slash the komodo dragon! The komodo dragon bites you!
* * * LOW HITPOINT WARNING * * *
* * * LOW HITPOINT WARNING * * *
You feel sick.
You hit the crocodile. Your headbutt misses the crocodile.
The crocodile is severely wounded.
You block the crocodile's attack.
You slice the crocodile!!
You kill the crocodile!
Okawaru accepts your kill.
Your Invocations skill increases to level 2!
You hit the komodo dragon but do no damage.
The komodo dragon is heavily wounded.
You die...

#####
####...######
##. ###
###...###......
....#
#.###..####
#####.#
......###....##
###
#......l@..##
######.#####
###


You could see a komodo dragon.

Vanquished Creatures
  A komodo dragon (D:8)
  A two-headed ogre (D:8)
  Grinder (D:5)
  A hippogriff (D:8)
  Sigmund (D:2)
  The ghost of attempt the Chopper, an amateur HOBe of Trog (D:4)
  Eustachio (D:6)
  Menkaure (D:6)
  2 black bears
  2 sky beasts
  6 ogres
  A phantom (D:8)
  2 crocodiles (D:8)
  4 bullfrogs
  A scorpion (D:4)
  15 killer bees
  3 crimson imps (D:6)
  A quasit (D:7)
  A jelly (D:7)
  2 orc wizards
  4 orc priests
  4 hounds
  Ijyb (D:2)
  An iguana (D:8)
  6 worker ants
  A howler monkey zombie (D:5)
  11 adders
  A shadow imp (D:6)
  An ooze (D:2)
  An adder zombie (D:7)
  4 worms
  4 dart slugs
  6 leopard geckos
  15 orcs
  11 bats
  8 giant cockroaches
  10 goblins
  7 hobgoblins
  3 jackals (D:1)
  7 kobolds
  A quokka (D:3)
  2 ball pythons
  2 frilled lizards (D:2)
  A giant cockroach zombie (D:6)
  A jackal skeleton (D:5)
  A jackal zombie (D:6)
  A leopard gecko skeleton (D:5)
  A quokka skeleton (D:5)
  7 rats
171 creatures vanquished.

Notes
Turn   | Place    | Note
-------+----------+-------------------------------------------
     0 | D:1      | dngmouse the Minotaur Fighter began the quest for the Orb.
     0 | D:1      | Reached XP level 1. HP: 19/19 MP: 0/0
   120 | D:1      | Reached XP level 2. HP: 20/27 MP: 1/1
   835 | D:2      | Reached XP level 3. HP: 33/33 MP: 2/2
  1115 | D:2      | Reached XP level 4. HP: 39/41 MP: 3/3
  1195 | D:2      | Noticed Sigmund
  1212 | D:2      | Killed Sigmund
  1212 | D:2      | Reached skill level 5 in Fighting
  1212 | D:2      | Reached XP level 5. HP: 34/48 MP: 4/4
  1232 | D:2      | Noticed Ijyb
  1245 | D:2      | Killed Ijyb
  1245 | D:2      | Reached XP level 6. HP: 41/56 MP: 5/5
  1643 | D:3      | Found a faded altar of an unknown god.
  1775 | D:3      | Found a snail-covered altar of Cheibriados.
  2104 | D:3      | Found a shimmering altar of Xom.
  2105 | D:3      | Found a shimmering altar of Xom.
  2107 | D:3      | Found a shimmering altar of Xom.
  2110 | D:3      | Found a shimmering altar of Xom.
  2110 | D:3      | Found a shimmering altar of Xom.
  2112 | D:3      | Found a shimmering altar of Xom.
  2280 | D:4      | Noticed attempt's ghost (amateur HOBe)
  2660 | D:4      | Killed attempt's ghost
  2660 | D:4      | Reached XP level 7. HP: 50/61 MP: 6/6
  3035 | D:4      | Found a staircase to the Ecumenical Temple.
  3097 | Temple   | Entered the Ecumenical Temple
  3233 | D:5      | Entered Level 5 of the Dungeon
  3287 | D:5      | Found a hide-covered altar of Uskayaw.
  3407 | D:5      | Found a white marble altar of Elyvilon.
  3408 | D:5      | Found a sparkling altar of Nemelex Xobeh.
  3408 | D:5      | Found a basalt altar of Yredelemnul.
  3408 | D:5      | Found a stormy altar of Qazlal.
  3792 | D:5      | Noticed Grinder
  3797 | D:5      | Paralysed by Grinder for 5 turns
  3808 | D:5      | Paralysed by Grinder for 5 turns
  3813 | D:5      | Killed Grinder
  3813 | D:5      | Reached skill level 10 in Axes
  3813 | D:5      | Reached XP level 8. HP: 43/68 MP: 7/7
  4519 | D:6      | Noticed Eustachio
  4551 | D:6      | Killed Eustachio
  5161 | D:6      | Noticed Menkaure
  5752 | D:6      | Killed Menkaure
  5752 | D:6      | Reached XP level 9. HP: 66/82 MP: 8/8
  5925 | D:7      | Found an iron altar of Okawaru.
  5955 | D:7      | Became a worshipper of Warmaster Okawaru
  6216 | D:7      | Reached skill level 10 in Fighting
  6627 | D:7      | Found Opoibli's Jewellery Shop.
  6772 | D:8      | Reached * piety under Okawaru
  6775 | D:8      | Found a shattered altar of Ashenzari.
  6792 | D:8      | Found a shadowy altar of Dithmenos.
  6959 | D:8      | Found Dagawku's General Store.
  6979 | D:8      | Bought a scroll of recharging for 114 gold pieces
  7055 | D:8      | Reached ** piety under Okawaru
  7154 | D:8      | Reached XP level 10. HP: 92/99 MP: 9/9
  7281 | D:8      | Reached skill level 1 in Invocations
  7302 | D:8      | HP: 2/100 [komodo dragon (12)]
  7306 | D:8      | Succumbed to a killer bee's poison

Skill      XL: |  1  2  3  4  5  6  7  8  9 10 |
---------------+-------------------------------+-----
Axes           | 3 4 6 8 10 12 | 12.0
Fighting       | 4 5 8 12 | 12.7
Invocations    | 2 |  2.0
Armour         | |  3.6
Shields        | |  3.6

Action                   |  1- 3 |  4- 6 |  7- 9 | 10-12 || total
-------------------------+-------+-------+-------+-------++-------
Melee: War axe           |    84 |    88 |   334 |    28 ||   534
       Headbutt          |    11 |    22 |    52 |     4 ||    89
Throw: Tomahawk          |       |     4 |     2 |       ||     6
Invok: Heroism           |       |       |       |     1 ||     1
  Use: Potion            |       |     4 |     3 |       ||     7
       Scroll            |       |       |     4 |       ||     4
  Eat: Chunk             |     1 |     4 |    25 |     1 ||    31
Armor: Scale mail        |    40 |    26 |     3 |       ||    69
       Chain mail        |       |       |   177 |     7 ||   184
Dodge: Dodged            |    25 |    27 |    89 |     5 ||   146
Block: Shield            |    50 |    49 |   112 |       ||   211
       Buckler           |       |       |    11 |     4 ||    15
